 Dungeon Crawl Stone Soup version 0.29.1-1-gd02db6906a (webtiles) character file.

Game seed: 11077578678105409734

19 Marcotte the Shield-Bearer (level 2, -2/24 HPs)
             Began as a Human Fighter on Sept 16, 2022.
             Slain by Jessica
             ... wielding a +3 dagger
              (7 damage)
             ... on level 2 of the Dungeon.
             The game lasted 00:01:23 (1325 turns).

Marcotte the Shield-Bearer (Human Fighter)          Turns: 1325, Time: 00:01:25

Health: -2/24      AC:  6    Str: 16    XL:     2   Next: 95%
Magic:  2/2        EV:  8    Int:  8    God:
Gold:   98         SH:  4    Dex: 12    Spells: 1/1 levels left

rFire   . . .      SeeInvis .   a - +0 long sword
rCold   . . .      Faith    .   c - +0 buckler
rNeg    . . .      Spirit   .   b - +0 scale mail
rPois   .          Reflect  .   (no helmet)
rElec   .          Harm     .   (no cloak)
rCorr   .          Rampage  .   (no gloves)
Will    .....                   (no boots)
Stlth   ..........              (no amulet)
HPRegen 0.08/turn               (no ring)
MPRegen 0.08/turn               (no ring)

@: no status effects
A: no striking features
a: no special abilities


You were on level 2 of the Dungeon.
You visited 1 branch of the dungeon, and saw 2 of its levels.

You collected 98 gold pieces.

Inventory:

Hand Weapons
 a - a +0 long sword (weapon)
Missiles
 f - 2 throwing nets (quivered)
Armour
 b - a +0 scale mail (worn)
 c - a +0 buckler (worn)
Scrolls
 g - a scroll of poison {unknown}
 h - a scroll of identify {unknown}
 i - a scroll of enchant armour {unknown}
Potions
 d - a potion of might
 e - 2 potions of curing {unknown}


   Skills:
 + Level 3.1 Fighting
 + Level 2.2 Long Blades
 + Level 3.3 Armour
 + Level 3.3 Shields


You had one spell level left.
You didn't know any spells.
Your spell library was empty.

Dungeon Overview and Level Annotations

Branches:
Dungeon (2/15)

Altars:

Annotations:
D:2 Jessica


Message History

There is a stone staircase leading down here.
You climb downwards.
There is a stone staircase leading up here.
A hobgoblin comes into view.
The hobgoblin shouts!
Jessica and an adder come into view.
Found a mace and a dagger.
Jessica shouts!
The adder hisses angrily.
You hear a shout!
Jessica casts a spell.
Jessica seems to speed up.
A hobgoblin comes into view.
The hobgoblin hits you but does no damage.
You hit the hobgoblin.
The hobgoblin is almost dead.
The hobgoblin hits you.
You hit the hobgoblin.
You kill the hobgoblin!
Jessica hits you with a +3 dagger.
You hit Jessica.
Jessica is moderately wounded.
Jessica barely misses you. The adder bites you but does no damage.
Jessica barely misses you. You block the adder's attack.
You hit Jessica but do no damage.
Jessica is moderately wounded.
You block Jessica's attack. The adder bites you.
Jessica gestures at you while chanting.
You barely resist. You closely miss Jessica.
Jessica is moderately wounded.
Jessica gestures at you while chanting. Pain shoots through your body!
The adder bites you but does no damage. The adder closely misses you.
You block Jessica's attack.
You hit Jessica.
Jessica is severely wounded.
Jessica hits you with a +3 dagger. The adder bites you.
* * * LOW HITPOINT WARNING * * *
The hobgoblin hits you but does no damage.
Jessica shouts, "You are a ghastly nuisance!"
Jessica hits you with a +3 dagger!
You die...

#<# #.# #.# # #.#
.. #.#######.#. #
#...........
#..#.##.##.#.#.
........g..)...
#..#...@@#.#)#.
#........S......
...............#.
.....#.#.........
...........###...
.###.##### ... .
.. #


You could see an adder, Jessica (fast) and a hobgoblin.

Vanquished Creatures
  2 giant cockroaches (D:1)
  A hobgoblin (D:2)
  2 jackals (D:1)
  3 quokkas (D:1)
  4 ball pythons (D:1)
  2 bats (D:1)
  2 frilled lizards (D:1)
  A goblin (D:1)
  A rat (D:1)
18 creatures vanquished.

Notes
Turn   | Place    | Note
-------+----------+-------------------------------------------
     0 | D:1      | Marcotte the Human Fighter began the quest for the Orb.
     0 | D:1      | Reached XP level 1. HP: 18/18 MP: 1/1
   199 | D:1      | Found a faded altar of an unknown god.
   337 | D:1      | Reached XP level 2. HP: 24/24 MP: 2/2
  1317 | D:2      | Noticed Jessica
  1325 | D:2      | Slain by Jessica

Illustrated notes

Levels and vault maps discovered:
D:1:      kennysheep_arrival_seaside, layout_loops_corners,
          nicolae_ecumenical_snake_handling
D:2:      layout_basic, minmay_pentomino_o4, uniq_jessica

Action                   || total
-------------------------++-------
Melee: Long sword        ||    61
Armor: Scale mail        ||    38
Dodge: Dodged            ||    43
Block: Buckler           ||    23
